[Event "Skilling Open CCT 2021"]
[Site "Online"]
[Date "2020.11.19"]
[Round "3.3"]
[White "Le, Quang Liem"]
[Black "Ding, Liren"]
[Result "1/2-1/2"]
[ECO "E15"]
[WhiteElo "2744"]
[BlackElo "2836"]
[Annotator "RC"]
[PlyCount "64"]
[EventDate "2020.11.20"]
[EventType "tourn"]
[EventCountry "NET"]
[Tiebreak "Koya+Number of black wins+Number of wins"]
[SourceTitle "playchess.com"]
[Source "ChessBase"]
[SourceQuality "1"]
[TimeControl "900+10"]

1. d4 Nf6 2. c4 e6 3. Nf3 b6 4. g3 Ba6 5. b3 Bb4+ 6. Bd2 Be7 7. Bg2 O-O 8.
Nc3 c6 9. e4 d5 10. exd5 cxd5 11. Ne5 Bb7 12. O-O Nc6 13. cxd5 Nxe5 14. d6 Nc6 15. dxe7 Qxe7 16. Bg5 Rfd8 17. d5 h6 18. Bxf6 Qxf6 19. dxc6 Rxd1 20. Rfxd1 Bxc6 21. Bxc6 Rc8 22. Ne4 Qe5 23.
Rac1 Rxc6 24. Rxc6 Qxe4 25. Rc8+ Kh7 26. Rc7 Qe2 27. Rdd7 Qe1+ 28. Kg2 Qe4+ 29. Kf1 Qb1+ 30. Kg2 Qe4+ 31. Kf1 Qb1+ 32. Kg2 Qe4+ 1/2-1/2

[Event "Skilling Open CCT 2021"]
[Site "Online"]
[Date "2020.11.19"]
[Round "3.4"]
[White "Vidit, Santosh Gujrathi"]
[Black "Duda, Jan-Krzysztof"]
[Result "1/2-1/2"]
[ECO "D85"]
[WhiteElo "2636"]
[BlackElo "2774"]
[Annotator "ChessBase"]
[PlyCount "157"]
[EventDate "2020.11.20"]
[EventType "tourn"]
[EventCountry "NET"]
[Tiebreak "Koya+Number of black wins+Number of wins"]
[SourceTitle "playchess.com"]
[Source "ChessBase"]
[SourceQuality "1"]
[TimeControl "900+10"]

1. d4 Nf6 2. c4 g6 3. Nc3 d5 4. cxd5 Nxd5 5. e4 Nxc3 6. bxc3 Bg7 7. Be3 c5 8. Nf3 Qa5 9. Qd2 O-O 10. Rc1 Rd8 11. h4 cxd4 12. cxd4 Qxd2+ 13. Bxd2 Nd7 14. Be3 Nb6 15. Bb5 f5 16. Bd3 Be6 17. h5 Rac8 18.
Rxc8 Rxc8 19. h6 fxe4 20. Bxe4 Bf6 21. Bxb7 Rc7 22. Ba6 Bxa2 23. O-O Nd5 24. Bd2 Bc4 25. Ra1 Bxa6 26. Rxa6 Kf7 27. Kf1 Rb7 28. Ke2 Nc7 29. Ra5 Nb5 30. Be3 Rb6 31. d5 Nc3+ 32. Kd3 Rb5 33.
Rxa7 Rxd5+ 34. Kc4 Rd8 35. Ng5+ Bxg5 36. Bxg5 Nd5 37. Kd4 Ke6 38. Ke4 Rb8 39. Ra6+ Kf7 40. f4 Nc3+ 41. Kd3 Nb5 42. g4 Nd6 43. Ra7 Rb3+ 44. Ke2 Rb7 45. Rxb7 Nxb7 46. Ke3 Nd6 47. Kf3 Ke6 48. Bh4 Kd7 49. Be1 Nf7 50. g5 Ke6 51. Bb4 Nd6 52. Ba3 Nf5 53.
Ke4 Kd7 54. Ke5 Ng3 55. Bb4 Ke8 56. Ke6 Ne2 57. Ke5 Ng3 58.
Ke6 Ne2 59. Ke5 Kf7 60. f5 gxf5 61. Kxf5 Nd4+ 62. Ke4 Ne6 63. Kf5 Nf8 64. Ke5 Nd7+ 65. Kf4 e6 66. Ke4 Kg6 67. Be7 Kf7 68. Bd8 Nb8 69. Bc7 Nc6 70. Bf4 Kg6 71. Bc1 Ne7 72. Ke5 Kf7 73. Bd2 Nc6+ 74. Ke4 Nb8 75. Ke5 Nd7+ 76. Kd6 Nf8 77. Bc1 Ng6 78. Bd2 Nh4 79. Bc1 1/2-1/2